Map: Efflorescence LE

Players

OpuS - Winner!

  • Race: Protoss Protoss
  • League: Platinum
  • Spawn Location: 9:00

Sketchaphone - Winner!

  • Race: Zerg Zerg
  • League: Platinum
  • Spawn Location: 6:00

Clamjammer

  • Race: Terran Terran
  • League: Platinum
  • Spawn Location: 3:00

StinkPickle

  • Race: Protoss Protoss
  • League: Platinum
  • Spawn Location: 12:00

VOD

Have the link to the VOD?

Description

Time

  • Played on: Feb. 20, 2019, 10:33 p.m.
  • Length: 10:45
Show
View Real Time Build Order
Export as new Build Order

OpuS Protoss - Winner!

Build Orders:  

Get SALT Encoding   

  12  0:01  Probe  
  13  0:13  Probe  
  14  0:20  Pylon  
  14  0:25  Probe  
  15  0:41  Gateway  
  15  0:44  Probe  
  16  0:52  Probe  
  16  0:54  Assimilator  
  16  0:56  Assimilator  
  17  1:11  Probe, Gateway  
  18  1:19  Probe  
  19  1:27  Probe  
  20  1:33  Cybernetics Core  
  20  1:41  Pylon  
  20  1:52  Probe  
  21  2:05  Probe  
  21  2:09  Warp Gate  
  21  2:10  Stalker  
  21  2:12  Stalker  
  25  2:24  Forge  
  25  2:27  Probe  
  25  2:35  Probe  
  25  2:40  Protoss Ground Weapons Level 1  
  25  2:43  Probe  
  26  2:48  Stalker  
  29  2:53  Stalker  
  31  3:27  Nexus  
  31  3:34  Pylon  
  31  3:36  Pylon  
  31  3:54  Robotics Facility  
  31  4:03  Probe  
  31  4:06  Stalker x2  
  36  4:36  Probe  
  37  4:39  Stalker x2  
  41  4:48  Probe  
  42  4:53  Probe  
  43  5:01  Probe  
  43  5:05  Probe  
  43  5:06  Stalker x2  
  49  5:12  Gateway  
  49  5:13  Probe  
  50  5:15  Gateway  
  50  5:27  Probe x2  
  52  5:34  Pylon  
  52  5:37  Immortal  
  50  5:45  Twilight Council  
  50  6:02  Probe x2  
  52  6:07  Stargate  
  52  6:12  Stalker  
  52  6:14  Stalker, Probe x2  
  52  6:17  Stalker  
  60  6:24  Blink  
  58  6:33  Probe x2  
  58  6:39  Observer  
  61  6:46  Probe x2  
  63  6:49  Pylon  
  63  6:50  Pylon  
  63  6:52  Assimilator, Void Ray  
  67  6:56  Assimilator  
  67  6:58  Pylon, Probe  
  68  7:12  Observer  
  67  7:16  Zealot x4  
  67  7:18  Protoss Ground Weapons Level 2  
  75  7:23  Probe x2  
  77  7:33  Pylon  
  77  7:35  Probe x2  
  79  7:47  Probe  
  79  7:49  Void Ray  
  79  7:50  Zealot x2  
  79  7:51  Zealot  
  90  8:05  Probe x2  
  92  8:14  Pylon  
  92  8:31  Nexus  
  92  8:32  Void Ray  
  88  8:47  Stalker x2  
  88  8:48  Stalker  
  94  8:49  Stalker  
  94  8:52  Pylon  
  88  9:14  Stalker x4  
  88  9:15  Void Ray  
  100  9:20  Gateway  
  100  9:23  Gateway  
  100  9:30  Gateway  
  100  9:33  Gateway  
  100  10:00  Void Ray  
  100  10:08  Probe x3  
  100  10:12  Stalker x4  
  109  10:20  Probe x3  
  112  10:23  Dark Shrine  
  112  10:27  Templar Archives  
Show
View Real Time Build Order
Export as new Build Order

Sketchaphone Zerg - Winner!

Build Orders: Pool First 

Get SALT Encoding   

  12  0:01  Drone  
  13  0:15  Overlord  
  13  0:19  Drone  
  14  0:24  Extractor  
  13  0:38  Spawning Pool  
  13  0:41  Drone  
  13  0:48  Drone  
  14  0:50  Drone  
  14  0:56  Drone  
  16  1:03  Drone  
  17  1:30  Metabolic Boost  
  17  1:40  Hatchery  
  17  1:44  Drone  
  17  1:48  Drone  
  17  1:50  Zergling x2  
  19  2:00  Queen  
  21  2:04  Zergling x2  
  22  2:11  Overlord  
  22  2:20  Overlord  
  22  2:29  Evolution Chamber, Zergling x2  
  22  2:43  Zergling x2  
  23  2:52  Overlord  
  23  2:54  Zerg Melee Weapons Level 1  
  23  2:55  Zergling x2  
  24  3:03  Zergling x4  
  26  3:09  Zergling x6  
  29  3:15  Zergling x4  
  31  3:20  Queen  
  31  3:22  Drone  
  34  3:31  Drone  
  35  3:35  Drone  
  36  3:47  Drone  
  37  3:50  Overlord  
  37  3:52  Zergling x6  
  40  4:02  Zergling x4  
  42  4:07  Drone  
  42  4:09  Lair  
  41  4:22  Zergling x10  
  45  4:35  Zergling x4  
  47  4:41  Zergling x8  
  50  5:04  Zergling x8  
  53  5:21  Drone x3  
  53  5:23  Extractor  
  54  5:31  Overlord  
  54  5:47  Hatchery  
  54  5:49  Drone x3  
  42  6:18  Spore Crawler  
  35  6:19  Spore Crawler  
  35  6:20  Spore Crawler  
  30  6:34  Baneling Nest  
  26  6:44  Queen  
  26  6:45  Drone x9  
  37  6:56  Drone x4  
  41  7:13  Drone x2  
  41  7:14  Nydus Network, Drone  
  43  7:15  Drone  
  43  7:21  Drone x2  
  44  7:37  Extractor  
  42  7:40  Spire  
  42  7:42  Drone x4  
  45  7:46  Extractor  
  45  7:47  Drone x2  
  45  7:50  Drone  
  47  7:52  Drone  
  47  7:58  Drone x2  
  50  8:03  Spore Crawler, Drone  
  50  8:06  Drone  
  50  8:08  Drone x2  
  50  8:12  Spore Crawler  
  52  8:13  Drone  
  53  8:38  Nydus Canal  
  53  8:43  Zergling x2  
  53  8:44  Zergling x8  
  58  8:51  Corruptor x4  
  58  8:52  Corruptor  
  68  8:56  Zergling x4  
  68  8:57  Zergling x2  
  71  9:10  Queen  
  71  9:13  Overlord x3  
  73  9:21  Overlord  
  73  9:32  Overlord  
  73  9:33  Corruptor  
  73  9:34  Corruptor x2  
  79  9:55  Drone x3  
  79  9:58  Drone x4  
  86  10:02  Corruptor  
  88  10:19  Zergling x2  
  88  10:20  Zergling x8  
  88  10:21  Overlord, Zergling x2  
Show
View Real Time Build Order
Export as new Build Order

Clamjammer Terran 

Build Orders:  

Get SALT Encoding   

  12  0:01  SCV  
  13  0:13  SCV  
  14  0:19  Supply Depot  
  14  0:25  SCV  
  15  0:30  Refinery  
  15  0:41  SCV  
  16  0:46  Barracks  
  16  0:53  SCV  
  17  1:02  Supply Depot  
  17  1:05  SCV  
  18  1:17  Refinery, SCV  
  19  1:32  Orbital Command  
  19  1:36  Reaper  
  20  1:54  Factory  
  20  1:59  SCV  
  21  2:09  Barracks Reactor  
  21  2:11  SCV  
  22  2:24  SCV  
  22  2:27  Command Center  
  23  2:36  SCV  
  24  2:46  Starport  
  24  2:55  SCV  
  24  3:07  SCV  
  24  3:12  Supply Depot  
  25  3:18  Barracks Tech Lab  
  25  3:20  SCV  
  26  3:27  Starport Tech Lab  
  26  3:31  Fusion Core  
  26  3:32  SCV  
  27  3:44  SCV  
  27  3:48  Engineering Bay  
  28  3:51  Hellion x2  
  30  4:18  Battlecruiser  
  34  4:26  Hellion x2  
  38  4:36  Factory  
  38  4:47  Hellion x2  
  42  5:00  Planetary Fortress  
  40  5:15  SCV  
  30  5:42  SCV  
  31  5:54  SCV  
  32  6:05  Battlecruiser  
  32  6:07  Hellion x2  
  42  6:28  Hellion x2  
  40  6:50  Hellion  
  42  6:58  Siege Tank  
  45  7:09  SCV x2  
  47  7:21  SCV  
  48  7:37  Siege Tank  
  48  7:43  Armory  
  51  7:51  Barracks Tech Lab  
  51  7:53  SCV x2  
  51  7:54  Supply Depot  
  53  8:16  Hellion, Siege Tank  
  59  8:27  SCV x2  
  59  8:29  Missile Turret  
  36  8:58  Orbital Command  
  33  9:22  Refinery  
  33  9:24  Refinery  
  33  9:25  SCV x2  
  35  9:37  Supply Depot, SCV x2  
  37  9:39  Starport Tech Lab  
  37  9:44  Hellbat x2  
  41  9:49  SCV  
Show
View Real Time Build Order
Export as new Build Order

StinkPickle Protoss 

Build Orders: Phoenix Opening 

Get SALT Encoding   

  12  0:02  Probe  
  13  0:18  Pylon  
  13  0:39  Gateway  
  13  0:40  Probe  
  14  0:48  Probe  
  14  0:57  Probe  
  15  1:03  Assimilator  
  16  1:08  Assimilator  
  16  1:09  Probe  
  17  1:21  Probe  
  17  1:22  Gateway  
  18  1:31  Cybernetics Core  
  18  1:35  Zealot  
  20  1:50  Probe  
  21  1:58  Probe  
  22  2:20  Probe  
  22  2:24  Pylon  
  25  2:45  Stargate  
  25  2:48  Stalker  
  25  2:50  Pylon  
  27  2:55  Stalker  
  27  2:57  Probe  
  28  3:09  Probe  
  29  3:24  Nexus  
  29  3:36  Phoenix  
  29  3:38  Stalker  
  33  3:44  Adept  
  35  3:54  Pylon  
  35  4:07  Probe  
  36  4:11  Phoenix  
  23  7:10  Pylon  
  22  7:43  Nexus  
  22  7:50  Pylon  
  22  8:02  Pylon  
  22  8:59  Forge  
  22  9:15  Gateway  
  22  9:16  Assimilator  
  22  9:25  Pylon  
  22  9:36  Probe  
  23  9:44  Assimilator  
  18  10:13  Probe  
  19  10:17  Photon Cannon  
  19  10:19  Photon Cannon  
  19  10:27  Cybernetics Core  
Tags
 
Add a new tag
Caveats
  • Supply blocks, unpowered buildings, or Contaminate may cause inaccurate times.
  • Supply counts are checked every 10 seconds.